 Dungeon Crawl Stone Soup version 0.22.1-1-ga44c0e5 (webtiles) character file.

2867 Fang the Cleaver (level 9, -2/56 HPs)
             Began as a Gargoyle Berserker on Oct 30, 2018.
             Was an Elder of Trog.
             Slain by a yak (5 damage)
             ... on level 7 of the Dungeon.
             The game lasted 00:08:55 (6674 turns).

Fang the Cleaver (Gargoyle Berserker)               Turns: 6674, Time: 00:08:56

Health: -2/56      AC: 19    Str: 24    XL:     9   Next: 75%
Magic:  9/9        EV: 10    Int:  8    God:    Trog [****..]
Gold:   429        SH:  0    Dex: 12    Spells: 8/8 levels left

rFire    . . .     SeeInvis .   a - +0 hand axe
rCold    . . .     Gourm    .   (no shield)
rNeg     + . .     Faith    .   n - +0 chain mail
rPois    ∞         Spirit   .   (no helmet)
rElec    +         Reflect  .   f - +1 cloak
rCorr    +         Harm     .   (no gloves)
MR       .....                  (no boots)
Stlth    ..........             (no amulet)
HPRegen  0.18/turn              p - ring of resist corrosion
MPRegen  0.11/turn              s - +3 ring of dexterity

@: berserk cooldown, slowed, very slow
A: negative energy resistance 1, electricity resistance, unbreathing,
petrification resistance, rot immunity, AC +6
a: Berserk, Trog's Hand, Brothers in Arms, Renounce Religion


You were on level 7 of the Dungeon.
You worshipped Trog.
Trog was greatly pleased with you.
You were very hungry.

You visited 2 branches of the dungeon, and saw 8 of its levels.

You collected 429 gold pieces.

Inventory:

Hand Weapons
 a - a +0 hand axe (weapon)
Armour
 f - a +1 cloak (worn)
 n - a +0 chain mail (worn)
Jewellery
 p - a ring of resist corrosion (left hand)
 s - a +3 ring of dexterity (right hand)
 u - an uncursed ring of wizardry {unknown}
 x - an uncursed ring of stealth {unknown}
Wands
 y - a wand of flame (25)
 A - a wand of paralysis (6)
Scrolls
 d - a scroll of fog {unknown}
 e - 4 scrolls of teleportation {unknown}
 i - 6 scrolls of identify {unknown}
 k - 5 scrolls of remove curse {unknown}
 l - 2 scrolls of blinking {unknown}
 m - 3 scrolls of enchant armour {unknown}
 o - 2 scrolls of magic mapping {unknown}
 r - 3 scrolls of enchant weapon {unknown}
 t - 2 scrolls of fear {unknown}
 z - a scroll of immolation {unknown}
Potions
 b - a potion of might {unknown}
 g - 2 potions of magic {unknown}
 h - 7 potions of curing
 j - 3 potions of degeneration {unknown}
 q - a potion of brilliance {unknown}
 v - 2 potions of flight {unknown}
 w - a potion of haste {unknown}
Comestibles
 c - 15 rations


   Skills:
 + Level 6.5 Fighting
 + Level 9.2 Axes
 + Level 7.2 Armour
 + Level 3.3 Dodging
 + Level 1.0 Stealth


You had 8 spell levels left.
You didn't know any spells.
Your spell library was empty.

Dungeon Overview and Level Annotations

Branches:
Dungeon (7/15)             Temple (1/1) D:5

Altars:
Fedhas
Makhleb
Nemelex Xobeh
Sif Muna
Uskayaw
Wu Jian


Innate Abilities, Weirdness & Mutations

You are resistant to torment.
Your stone body is resilient. (AC +6)
You are immune to poison.
You resist negative energy. (rN+)
You are resistant to electric shocks. (rElec)
You can survive without breathing.
You are immune to petrification.
You are immune to rotting.


Message History

The yak gores you but does no damage. The yak closely misses you.
Unknown command.
It was a potion of curing.
You feel better. The yak misses you. The yak gores you but does no damage.
All of the chunks of flesh in your inventory have rotted away.
You hit the yak but do no damage.
The yak is heavily wounded.
You hit the yak.
The yak gores you but does no damage. x2; The yak misses you.
Unknown command.
You hit the yak but do no damage.
The yak is heavily wounded.
You slash the yak!
You kill the yak!
Trog accepts your kill. The yak gores you!
* * * LOW HITPOINT WARNING * * *
You hit the yak but do no damage.
The yak is heavily wounded.
The yak gores you.
You die...

#.......# #........#
#....#..# #.######>#
#.#.##..# #.# #.#
#.#..#..#####<# #.#
#.##.#........# #.#
#.......####### #.#
##......#.....# #.#
#.#.##.#.....# ##.#
#...##.#.##@## #..#
#.####.#..#Y)#..##.##
#.........#.$#..##.#
#.......###..'..##.#
#.#####.###$.#..##.#
#.##......#%%#..##.#
#.##.##.#########..#
##.##.##.......# ####
### #.........#.##.#


You could see a yak.

Vanquished Creatures
  2 yaks (D:7)
  A human (D:7)
  A hog (D:7)
  Menkaure (D:7)
  Duvessa (D:7)
  3 sky beasts
  2 ice beasts
  3 centaurs
  4 ogres
  3 bullfrogs
  Dowan (D:7)
  3 killer bees (D:7)
  A howler monkey (D:3)
  A crimson imp (D:5)
  A bullfrog zombie (D:7)
  A quasit (D:5)
  2 hounds
  3 orc priests (D:3)
  An iguana (D:3)
  An orc wizard (D:3)
  5 worker ants
  2 howler monkey skeletons
  10 adders
  An adder skeleton (D:5)
  An adder zombie (D:6)
  3 worms (D:2)
  4 dart slugs
  3 leopard geckos
  18 orcs
  5 bats
  4 giant cockroaches
  4 goblins
  6 hobgoblins
  4 jackals
  3 quokkas
  A ball python (D:1)
  5 frilled lizards
  7 kobolds
  2 leopard gecko skeletons
  6 rats
130 creatures vanquished.

Notes
Turn   | Place    | Note
-------+----------+-------------------------------------------
     0 | D:1      | Fang the Gargoyle Berserker began the quest for the Orb.
     0 | D:1      | Reached XP level 1. HP: 14/14 MP: 1/1
   189 | D:1      | Reached XP level 2. HP: 14/19 MP: 2/2
   363 | D:1      | Reached skill level 3 in Axes
   431 | D:1      | Reached XP level 3. HP: 24/24 MP: 3/3
  1162 | D:2      | Reached ** piety under Trog
  1389 | D:2      | Found a sparkling altar of Nemelex Xobeh.
  1489 | D:2      | Reached XP level 4. HP: 29/29 MP: 4/4
  1797 | D:3      | Reached skill level 4 in Axes
  1797 | D:3      | Reached XP level 5. HP: 17/33 MP: 5/5
  2116 | D:3      | Reached XP level 6. HP: 25/39 MP: 6/6
  2437 | D:3      | Reached skill level 5 in Axes
  2797 | D:4      | Found an ornate altar of the Wu Jian Council.
  2802 | D:4      | Reached *** piety under Trog
  2805 | D:4      | Found a burning altar of Makhleb.
  3081 | D:4      | Reached XP level 7. HP: 44/44 MP: 7/7
  3378 | D:5      | Entered Level 5 of the Dungeon
  3421 | D:5      | Reached skill level 5 in Fighting
  3747 | D:5      | Reached skill level 6 in Axes
  3834 | D:5      | Found a deep blue altar of Sif Muna.
  3834 | D:5      | Found a hide-covered altar of Uskayaw.
  3835 | D:5      | Found a blossoming altar of Fedhas.
  4066 | D:5      | Found a staircase to the Ecumenical Temple.
  4090 | Temple   | Entered the Ecumenical Temple
  4142 | D:5      | Reached skill level 5 in Armour
  4142 | D:5      | Reached XP level 8. HP: 46/50 MP: 8/8
  5223 | D:6      | Reached skill level 7 in Axes
  5843 | D:7      | Noticed Menkaure
  5856 | D:7      | Killed Menkaure
  5856 | D:7      | Reached **** piety under Trog
  6117 | D:7      | Reached XP level 9. HP: 55/55 MP: 9/9
  6193 | D:7      | Reached skill level 8 in Axes
  6405 | D:7      | Noticed Duvessa
  6406 | D:7      | Noticed Dowan
  6427 | D:7      | Killed Duvessa
  6429 | D:7      | Killed Dowan
  6654 | D:7      | Reached skill level 1 in Stealth
  6661 | D:7      | Reached skill level 9 in Axes
  6673 | D:7      | HP: 2/56 [yak (10)]
  6674 | D:7      | Slain by a yak

Skill      XL: |  1  2  3  4  5  6  7  8  9 |
---------------+----------------------------+-----
Axes           | 3 4 5 6 7 9 |  9.2
Dodging        | 2 3 |  3.3
Fighting       | 4 5 6 |  6.5
Armour         | 3 5 6 7 |  7.2
Stealth        | 1 |  1.0

Action                   |  1- 3 |  4- 6 |  7- 9 || total
-------------------------+-------+-------+-------++-------
Melee: Hand axe          |   124 |   176 |   432 ||   732
Invok: Berserk           |       |     3 |     4 ||     7
  Use: Potion            |       |       |     1 ||     1
  Eat: Chunk             |     2 |     7 |    12 ||    21
       Ration            |       |       |     1 ||     1
Armor: Animal skin       |    14 |       |       ||    14
       Chain mail        |    36 |   129 |   285 ||   450
Dodge: Dodged            |    65 |   118 |   183 ||   366
